 Dungeon Crawl Stone Soup version 0.31-a0-431-g88bdf31460 (webtiles) character file.

Game seed: 9992342643475119969

1086 cforsyth the Charlatan (level 8, -7/66 HPs)
             Began as a Gnoll Artificer on Aug 1, 2023.
             Killed by nerve-wracking pain
             ... invoked by an orc priest
              (12 damage)
             ... on level 5 of the Dungeon.
             The game lasted 00:16:16 (7256 turns).

cforsyth the Charlatan (Gnoll Artificer)            Turns: 7256, Time: 00:16:17

Health: -7/66      AC: 15    Str: 13    XL:     8   Next: 30%
Magic:  12/12      EV: 15    Int: 11    God:
Gold:   246        SH:  5    Dex: 13    Spells: 13/13 levels left

rFire   + . .        H - +1 scythe (protect)
rCold   . . .        (shield currently unavailable)
rNeg    . . .        m - +0 scale mail
rPois   .            (no helmet)
rElec   .            (no cloak)
rCorr   .            r - +0 pair of gloves
SInv    .            (no boots)
Will    .....        s - amulet of reflection
Stlth   +            f - +5 ring of evasion
HPRegen 0.31/turn    (no ring)
MPRegen 0.13/turn

%: reflection
@: brilliant, under a protective aura
A: fangs 1, strong nose, distributed training, fire resistance 1, robust 1
a: no special abilities


You were on level 5 of the Dungeon.
You visited 1 branch of the dungeon, and saw 6 of its levels.
You also visited: Sewer.

You collected 246 gold pieces.

Inventory:

Hand Weapons
 a - a +1 club
 H - a +1 scythe of protection (weapon)
Missiles
 I - 6 curare-tipped darts
Armour
 b - a +0 leather armour
 g - a +0 plate armour
 m - a +0 scale mail (worn)
 r - a +0 pair of gloves (worn)
Jewellery
 f - a +5 ring of evasion (left hand)
 l - the amulet of Tikoide {RegenMP *Slow rPois rCorr}
   (You found it on level 2 of the Dungeon)

   [amulet of magic regeneration]

   It increases your rate of magic regeneration.
   rPois:     It protects you from poison.
   rCorr:     It protects you from acid and corrosion.
   *Slow:     It may slow you when you take damage.
 q - an amulet of faith
 s - an amulet of reflection (around neck)
 E - a ring of magical power
Wands
 d - a wand of charming (10)
 e - a wand of iceblast (1)
 w - a wand of digging (6)
 F - a wand of polymorph (4)
Scrolls
 h - 2 scrolls of summoning {unknown}
 j - 3 scrolls of teleportation
 k - a scroll of enchant weapon
 n - a scroll of vulnerability {unknown}
 p - 3 scrolls of amnesia {unknown}
 t - 2 scrolls of immolation {unknown}
 u - a scroll of poison {unknown}
 x - a scroll of blinking {unknown}
 y - a scroll of silence {unknown}
 A - a scroll of fog {unknown}
 J - a scroll of noise {unknown}
Potions
 c - a potion of haste
 i - a potion of magic
 v - a potion of might
 z - a potion of attraction
 D - a potion of lignification {unknown}


   Skills:
 + Level 4.1 Fighting
 + Level 3.2 Short Blades
 + Level 3.2 Long Blades
 + Level 3.2 Axes
 + Level 3.2 Maces & Flails
 + Level 3.2 Polearms
 + Level 3.2 Staves
 + Level 3.2 Ranged Weapons
 + Level 3.2 Throwing
 + Level 5.6 Armour
 + Level 4.1 Dodging
 + Level 4.0 Stealth
 + Level 3.2 Shields
 + Level 3.2 Unarmed Combat
 + Level 3.2 Spellcasting
 + Level 2.6 Conjurations
 + Level 2.6 Hexes
 + Level 2.6 Summonings
 + Level 2.6 Necromancy
 + Level 2.6 Translocations
 + Level 2.6 Transmutations
 + Level 2.6 Fire Magic
 + Level 2.6 Ice Magic
 + Level 2.6 Air Magic
 + Level 2.6 Earth Magic
 + Level 2.6 Poison Magic
 + Level 3.5 Invocations
 + Level 7.3 Evocations
 + Level 2.6 Shapeshifting


You had 13 spell levels left.
You didn't know any spells.
Your spell library contained the following spells:

 Spells                   Type           Power      Damage    Failure   Level
 Malign Gateway           Summ/Tloc      5%         N/A       100%        7
 Summon Horrible Things   Summ           5%         N/A       100%        8


Dungeon Overview and Level Annotations

Branches:
Dungeon (6/15)              Sewer (visited)
 Temple: D:4-7

Altars:
Cheibriados
Dithmenos
Makhleb
Wu Jian
Xom

Shops:
D:1 ?   D:5 ?

Annotations:
D:5 Pikel


Innate Abilities, Weirdness & Mutations

You have very sharp teeth.
Your uncanny sense of smell can sniff out nearby items.
Your experience applies equally to all skills.
Your flesh is heat resistant. (rF+)
You are robust. (+10% HP)


Message History

The orc wizard casts a spell at you.
You are confused.
The orc priest invokes the aid of Beogh against you.
Beogh smites you!
Unknown command.
Unknown command.
You hit the orc priest.
The orc priest is almost dead.
The orc wizard misses you.
The orc priest hits you with a +0 flail of protection.
* * * LOW HITPOINT WARNING * * *
The orc wizard misses you. The orc priest misses you.
The orc wizard attacks as you move away!
The orc wizard hits you but does no damage.
The orc priest mumbles some strange prayers to Beogh against you.
Beogh smites you!
* * * LOW HITPOINT WARNING * * *
You feel much better.
The orc wizard hits you but does no damage.
The orc priest calls down the wrath of Beogh upon you.
Beogh smites you!
* * * LOW HITPOINT WARNING * * *
It was a potion of mutation.
You feel extremely strange.
You feel robust.
You feel resistant to heat. The orc wizard misses you.
It was a potion of brilliance.
You feel clever all of a sudden.
The orc wizard hits you with a +0 dagger.
* * * LOW HITPOINT WARNING * * *
The orc priest hits you with a +0 flail of protection!
* * * LOW HITPOINT WARNING * * *
You hit the orc wizard.
Your weapon exudes an aura of protection.
Your bite misses the orc wizard.
The orc wizard is lightly wounded.
You feel less confused. The orc wizard barely misses you.
The orc priest invokes the aid of Beogh against you.
Pain shoots through your body!
You die...

#################################
...........##....................
##########.##.###########.######.
##.##.####### #.# #.
#...#.#....<#####.######.
###........................
#######...........).#####.######.
................@..[......# #..
...............oo.....#########..
.########.>.......).......[..##..
## #........>#...######.###.
#.......)†##.## #.# #.
#............# #.# #.
#.....|...#### #.# #.
#######.........######## #.# #.
#........#####'#.......# #.# #.


You could see an orc priest and an orc wizard.

Vanquished Creatures
  Sigmund (D:5)
  A lemure (D:5)
  2 kobold brigands (D:5)
  A scorpion (D:4)
  A howler monkey (D:5)
  4 hounds
  3 iguanas
  3 jellies
  Ijyb (D:5)
  An orc wizard (D:5)
  4 gnolls (D:4)
  18 adders
  2 river rats
  2 worms
  A dart slug (D:1)
  5 orcs (D:5)
  12 ball pythons
  3 bats
  5 endoplasms
  6 giant cockroaches
  9 goblins
  17 hobgoblins
  9 jackals
  4 quokkas
  2 frilled lizards
  19 kobolds
  8 rats
144 creatures vanquished.

Vanquished Creatures (collateral kills)
  2 jackals (D:2)
2 creatures vanquished.

Vanquished Creatures (others)
  An adder (D:2)
1 creature vanquished.

Grand Total: 147 creatures vanquished

Notes
Turn   | Place    | Note
-------+----------+-------------------------------------------
     0 | D:1      | cforsyth the Gnoll Artificer began the quest for the Orb.
     0 | D:1      | Reached XP level 1. HP: 17/17 MP: 1/1
   107 | D:1      | Reached XP level 2. HP: 14/23 MP: 2/2
   634 | D:1      | Reached XP level 3. HP: 27/28 MP: 3/3
   816 | D:1      | Found Reuxt's Magic Scroll Emporium.
  1356 | D:2      | Reached skill level 1 in Invocations
  1358 | D:1      | HP: 1/28 [poisoned by an adder]
  1525 | D:2      | Reached skill level 1 in Short Blades
  1525 | D:2      | Reached skill level 1 in Long Blades
  1525 | D:2      | Reached skill level 1 in Axes
  1525 | D:2      | Reached skill level 1 in Maces & Flails
  1525 | D:2      | Reached skill level 1 in Polearms
  1525 | D:2      | Reached skill level 1 in Staves
  1525 | D:2      | Reached skill level 1 in Ranged Weapons
  1525 | D:2      | Reached skill level 1 in Throwing
  1525 | D:2      | Reached skill level 1 in Shields
  1525 | D:2      | Reached skill level 1 in Unarmed Combat
  1525 | D:2      | Reached skill level 1 in Spellcasting
  1585 | D:2      | Found a faded altar of an unknown god.
  1704 | D:2      | Reached XP level 4. HP: 17/34 MP: 5/5
  2167 | D:2      | Identified the amulet of Tikoide {RegenMP *Slow rPois
                  | rCorr}
  2224 | D:2      | Reached skill level 1 in Conjurations
  2224 | D:2      | Reached skill level 1 in Hexes
  2224 | D:2      | Reached skill level 1 in Summonings
  2224 | D:2      | Reached skill level 1 in Necromancy
  2224 | D:2      | Reached skill level 1 in Translocations
  2224 | D:2      | Reached skill level 1 in Transmutations
  2224 | D:2      | Reached skill level 1 in Fire Magic
  2224 | D:2      | Reached skill level 1 in Ice Magic
  2224 | D:2      | Reached skill level 1 in Air Magic
  2224 | D:2      | Reached skill level 1 in Earth Magic
  2224 | D:2      | Reached skill level 1 in Poison Magic
  2224 | D:2      | Reached skill level 1 in Shapeshifting
  2810 | D:3      | Reached XP level 5. HP: 25/40 MP: 5/7
  2896 | D:3      | Found a burning altar of Makhleb.
  3015 | D:3      | Found a shadowy altar of Dithmenos.
  3290 | D:3      | Found a snail-covered altar of Cheibriados.
  3707 | D:4      | Identified the +1 flail "Orodo" {elec, Dex+3}
  3752 | D:4      | Reached XP level 6. HP: 47/47 MP: 8/8
  3831 | D:4      | Reached skill level 5 in Armour
  4204 | D:4      | Found a shimmering altar of Xom.
  4518 | D:5      | Entered Level 5 of the Dungeon
  4561 | D:5      | Found Ifuor's Magic Scroll Shop.
  4586 | D:5      | Noticed Pikel
  4715 | D:5      | Found a glowing drain.
  4722 | Sewer    | Entered a sewer
  4829 | Sewer    | Reached XP level 7. HP: 52/52 MP: 10/10
  5099 | Sewer    | Reached skill level 7 in Evocations
  5389 | D:5      | Noticed Sigmund
  5693 | D:5      | Found an ornate altar of the Wu Jian Council.
  6019 | D:5      | Noticed Ijyb
  6224 | D:5      | Killed Ijyb
  6840 | D:5      | Killed Sigmund
  6890 | D:5      | Reached XP level 8. HP: 56/60 MP: 12/12
  7254 | D:5      | Gained mutation: You are robust. (+10% HP) [potion of
                  | mutation]
  7254 | D:5      | Gained mutation: Your flesh is heat resistant. (rF+)
                  | [potion of mutation]
  7256 | D:5      | Killed from afar by an orc priest

Illustrated notes

Levels and vault maps discovered:
D:1:      amcnicky_arrival_gap_in_the_tavern_cellar, layout_loops_corners,
          serial_shops, nicolae_shop_tiny_statue_garden
D:2:      layout_basic, shapermc_ecumenical_altar_pompeii, minmay_surrounded
D:3:      layout_basic, nicolae_overflow_hidden_temple, bloody_makhleb,
          fountainhead, grunt_decor_arrowhead
D:4:      layout_basic, mainiacjoe_overflow_chevrons
D:5:      cheibrodos_thug_alley, layout_loops_ring, nzn_wu_jian_contemplation,
          serial_shops, nicolae_shop_behind_doors, lightli_sewer_entry_pipes,
          uniq_sigmund, uniq_pikel, uniq_ijyb
D:6:      layout_cave_pools, temple_hall, hangedman_decor_peaks_small,
          uniq_blork_the_orc

Skill      XL: |  1  2  3  4  5  6  7  8 |
---------------+-------------------------+-----
Invocations    | 1 2 3 |  3.5
Short Blades   | 1 2 3 |  3.2
Long Blades    | 1 2 3 |  3.2
Axes           | 1 2 3 |  3.2
Maces & Flails | 1 2 3 |  3.2
Polearms       | 1 2 3 |  3.2
Staves         | 1 2 3 |  3.2
Ranged Weapons | 1 2 3 |  3.2
Throwing       | 1 2 3 |  3.2
Shields        | 1 2 3 |  3.2
Unarmed Combat | 1 2 3 |  3.2
Spellcasting   | 1 2 3 |  3.2
Conjurations   | 1 2 |  2.6
Hexes          | 1 2 |  2.6
Summonings     | 1 2 |  2.6
Necromancy     | 1 2 |  2.6
Translocations | 1 2 |  2.6
Transmutations | 1 2 |  2.6
Fire Magic     | 1 2 |  2.6
Ice Magic      | 1 2 |  2.6
Air Magic      | 1 2 |  2.6
Earth Magic    | 1 2 |  2.6
Poison Magic   | 1 2 |  2.6
Shapeshifting  | 1 2 |  2.6
Fighting       | 3 4 |  4.1
Dodging        | 3 4 |  4.1
Stealth        | 3 4 |  4.0
Armour         | 5 |  5.6
Evocations     | 7 |  7.3

Action                     |  1- 3 |  4- 6 |  7- 9 || total
---------------------------+-------+-------+-------++-------
  Melee: Club              |   179 |   376 |   238 ||   793
         Bite              |    11 |    35 |    21 ||    67
         Punch             |     2 |     6 |     8 ||    16
         Unarmed           |       |       |    26 ||    26
         Halberd           |       |       |    79 ||    79
  Evoke: Wand              |     1 |    20 |     3 ||    24
    Use: Scroll            |       |     5 |     4 ||     9
         Potion            |       |       |     4 ||     4
   Stab: Sleeping          |     5 |       |       ||     5
 Armour: Leather armour    |    45 |    26 |       ||    71
         Scale mail        |       |   123 |    90 ||   213
  Dodge: Dodged            |   163 |   297 |   225 ||   685
  Block: Other             |       |    37 |    84 ||   121

Table legend: (Time is in decaauts)
 A = Elapsed time spent in this place.
 B = Non-inter-level travel time spent in this place.
 C = Inter-level travel time spent in this place.
 D = Time resting spent in this place.
 E = Time spent auto-exploring this place.
 F = Levels seen in this place.
 G = Mean time per level.
                   A        B        C        D        E       F      G
               +--------+--------+--------+--------+--------+-----+--------+
         Total |   7569 |   7324 |    245 |    937 |   4142 |   7 | 1081.3 |
       Dungeon |   6890 |   6645 |    245 |    937 |   3782 |   6 | 1148.3 |
         Sewer |    679 |    679 |      0 |      0 |    359 |   1 |  679.0 |
               +--------+--------+--------+--------+--------+-----+--------+

Top non-repeatable levels by time:
     D:5: 1820 daAuts
     D:4: 1485 daAuts
     D:1: 1427 daAuts
     D:2: 1131 daAuts
     D:3: 922 daAuts
   Sewer: 679 daAuts
     D:6: 102 daAuts
